 Dungeon Crawl Stone Soup version 0.26-a0-1177-g1209ec82b9 (webtiles) character file.

Game seed: 14945552773798672083

4949 shakesphere1979 the Fighter (level 10, -7/73 HPs)
             Began as a Demonspawn Monk on Dec 24, 2020.
             Was an Elder of Hepliaklqana.
             Mangled by an eight-headed hydra (12 damage)
             ... on level 1 of the Lair of Beasts on Dec 25, 2020.
             The game lasted 00:44:40 (12063 turns).

shakesphere1979 the Fighter (Demonspawn Monk)      Turns: 12063, Time: 00:44:40

Health: -7/73      AC:  8    Str: 11 (14) XL:     10   Next: 28%
Magic:  16/16      EV: 14    Int: 17 (18) God:    Hepliaklqana [****..]
Gold:   554        SH:  0    Dex: 13 (16) Spells: 15/17 levels left

rFire    + . .     SeeInvis .   N - +5 long sword (curse)
rCold    + + .     Faith    .   (no shield)
rNeg     . . .     Spirit   .   W - +0 troll leather armour
rPois    +         Reflect  .   O - +1 hat
rElec    +         Harm     .   (no cloak)
rCorr    +         Rampage  .   H - +0 pair of gloves
Will     .....                  I - +0 pair of boots
Stlth    ++........             U - amulet of regeneration
HPRegen  1.02/turn              v - +6 ring of intelligence
MPRegen  0.15/turn              D - ring of protection from cold

@: mighty, about to teleport, resistant
A: reduced essence, hooves 2, foul stench 1, powered by pain 1, miasma immunity
a: Renounce Religion, Recall Ancestor, Ancestor Identity, Transference, Idealise


You were on level 1 of the Lair of Beasts.
You worshipped Hepliaklqana.
Hepliaklqana was greatly pleased with you.
You visited 3 branches of the dungeon, and saw 11 of its levels.

You collected 554 gold pieces.

Inventory:

Hand Weapons
 q - a +0 dagger of venom
 N - a cursed +5 long sword (weapon)
 V - a +0 longbow
Missiles
 d - 326 stones
 r - 40 poisoned darts (quivered)
 x - 173 arrows
 M - 21 sling bullets
Armour
 b - a +0 robe
 j - a +0 kite shield
 l - a +0 scale mail
 H - a +0 pair of gloves (worn)
 I - a +0 pair of boots (worn)
 O - a +1 hat (worn)
 W - a +0 troll leather armour (worn)
Magical Staves
 S - an uncursed staff of earth {unknown}
Jewellery
 t - an uncursed ring of positive energy
 v - a +6 ring of intelligence (left hand)
 B - an uncursed ring of resist corrosion
 D - a ring of protection from cold (right hand)
 E - the ring of Jank {*Tele rPois}
   (You found it on level 4 of the Dungeon)

   [ring of teleportation]

   It may teleport you next to monsters.
   It protects you from poison.
 G - an uncursed ring of flight
 Q - a cursed -4 ring of dexterity {unknown}
 U - an amulet of regeneration (around neck)
Wands
 P - a wand of disintegration (29)
 T - a wand of polymorph (11)
 X - a wand of flame (25)
 Y - a wand of acid (8)
Scrolls
 c - a scroll of blinking
 f - a scroll of amnesia
 i - 4 scrolls of magic mapping
 k - 4 scrolls of remove curse
 m - 8 scrolls of identify
 o - 2 scrolls of fog
 y - a scroll of fear
 F - a scroll of enchant weapon
 R - a scroll of random uselessness {unknown}
 Z - a scroll of immolation
Potions
 a - a potion of heal wounds
 g - a potion of attraction
 n - 2 potions of flight {unknown}
 p - a potion of might {unknown}
 s - 4 potions of curing
 u - a potion of cancellation
 w - a potion of resistance
 A - a potion of berserk rage {unknown}
 C - a potion of mutation {unknown}
 K - 2 potions of lignification {unknown}


   Skills:
 + Level 8.9 Fighting
 - Level 3.6 Axes
 - Level 0.2 Throwing
 + Level 6.7 Armour
 - Level 5.0 Dodging
 - Level 4.0 Stealth
 + Level 4.0 Spellcasting
 + Level 0.0 Hexes
 - Level 5.0 Invocations
 - Level 5.0 Evocations


You had 15 spell levels left.
You knew the following spells:

 Your Spells              Type           Power        Failure   Level
a - Ensorcelled Hibernat  Hex/Ice        6%           30%         2

Your spell library contained the following spells:

 Spells                   Type           Power        Failure   Level
 Corona                   Hex            3%           21%         1
 Confusing Touch          Hex            3%           52%         3
 Dazzling Flash           Conj/Hex       6%           52%         3
 Tukima's Dance           Hex            3%           52%         3


Dungeon Overview and Level Annotations

Branches:
Dungeon (9/15)             Temple (1/1) D:5            Lair (1/6) D:8
    Orc: D:9-12

Altars:
Ashenzari
Cheibriados
Dithmenos
Elyvilon
Fedhas
Gozag
Hepliaklqana
Kikubaaqudgha
Makhleb
Nemelex Xobeh
Okawaru
Qazlal
Ru
Sif Muna
Trog
Uskayaw
Vehumet
Wu Jian
Xom
Yredelemnul
Zin
The Shining One

Annotations:
D:2 Sigmund
D:5 2 runed translucent doors, Forgeling's ghost, weakling NaDe


Innate Abilities, Weirdness & Mutations

You have hoof-like feet.
You may emit foul miasma when damaged in melee.
You sometimes gain a little power by taking damage.
You are immune to miasma.
Your life essence is reduced to manifest your ancestor. (-10% HP)


Message History

Septimua hits the eight-headed hydra with a +0 dagger of draining!
The eight-headed hydra bites you! The eight-headed hydra bites you.
The eight-headed hydra looks sick.
The eight-headed hydra barely misses you.
The eight-headed hydra bites you!
The eight-headed hydra closely misses you.
The eight-headed hydra bites you!
* * * LOW HITPOINT WARNING * * *
The eight-headed hydra completely misses you.
The eight-headed hydra bites you!
* * * LOW HITPOINT WARNING * * *
As you read the scroll of teleportation, it crumbles to dust.
You feel strangely unstable.
Septimua hits the eight-headed hydra with a +0 dagger of draining.
Septimua drains the eight-headed hydra.
The eight-headed hydra closely misses you. x2
The eight-headed hydra bites you!
* * * LOW HITPOINT WARNING * * *
The eight-headed hydra bites you!
You die...

##...................PP.
#........#...........P.♣
....##......#.........PP.♣
...##.........####...P.P♣
....#.#.........###...).PP♣♣
=.. #♣P.♣......#.##....PP.P♣
#. ♣P..P♣............#.PP.P
♣.PPP♣♣...#.....####.P..
♣P...P ♣....@....# .^.P
♣.P.PP ♣♣...DR...# ...


♣PPPPP #........# #. #......### #..(...# #.#...#.# ..#.....# ...#.....# #..
#..... You could see the friendly Septimua the hexer and an eight-headed hydra
(sick, drained).

Vanquished Creatures
  A cane toad (D:8)
  A hornet (D:9)
  A troll (D:9)
  3 yaks
  A water moccasin (D:9)
  An orc warrior (D:8)
  3 black bears (D:8)
  A sky beast (D:8)
  4 ogres
  3 centaurs
  6 bullfrogs
  A scorpion (D:9)
  3 killer bees (D:9)
  6 wights
  2 howler monkeys
  A vampire bat (D:4)
  2 crimson imps (D:3)
  5 hounds
  An orc wizard (D:4)
  A jelly (D:9)
  2 orc priests (D:5)
  3 iguanas
  Terence (D:3)
  5 worker ants
  A killer bee zombie (D:7)
  A hexer (D:8)
  4 adders
  3 shadow imps
  A white imp (D:9)
  An ufetubus (D:8)
  An ooze (D:2)
  2 worms
  3 dart slugs
  6 leopard geckos
  11 orcs
  10 bats
  4 bat zombies (D:4)
  8 giant cockroaches
  8 goblins
  11 hobgoblins
  5 jackals
  9 kobolds
  A quokka (D:5)
  A ball python (D:1)
  2 frilled lizards
  A jackal skeleton (D:8)
  2 rats
154 creatures vanquished.

Vanquished Creatures (collateral kills)
  A yak (D:8)
  An ice beast (D:8)
  2 sky beasts
  An ogre (D:5)
  A wyvern skeleton (D:4)
  2 killer bees (D:9)
  2 wights (D:8)
  A howler monkey (D:4)
  A crimson imp (D:3)
  A vampire bat (D:4)
  A bullfrog skeleton (D:9)
  An orc priest (D:5)
  2 orc wizards
  A worker ant (D:4)
  A shadow imp (D:7)
  2 leopard geckos
  5 orcs
  2 bat zombies (D:4)
  3 jackals
  2 quokkas
33 creatures vanquished.

Vanquished Creatures (others)
  An orc wizard (D:5)
  2 hexers
  A bush (Lair:1)
  14 fungi
  27 plants
45 creatures vanquished.

Grand Total: 232 creatures vanquished

Notes
Turn   | Place    | Note
-------+----------+-------------------------------------------
     0 | D:1      | shakesphere1979 the Demonspawn Monk began the quest for the
                  | Orb.
     0 | D:1      | Reached XP level 1. HP: 18/18 MP: 1/1
   389 | D:1      | Gained mutation: You have large cloven feet. [demonic
                  | ancestry]
   389 | D:1      | Reached XP level 2. HP: 12/24 MP: 2/2
  1344 | D:2      | Reached XP level 3. HP: 23/29 MP: 3/3
  1901 | D:2      | Found a white marble altar of Elyvilon.
  1902 | D:2      | Noticed Sigmund
  2448 | D:3      | Noticed Terence
  2457 | D:3      | Killed Terence
  2458 | D:3      | Reached XP level 4. HP: 18/36 MP: 4/4
  3057 | D:3      | Found a glowing silver altar of Zin.
  3057 | D:3      | Found a hazy altar of Hepliaklqana.
  3058 | D:3      | Found a sacrificial altar of Ru.
  3059 | D:3      | Found an opulent altar of Gozag.
  3288 | D:3      | Became a worshipper of Hepliaklqana the Forgotten
  3288 | D:3      | Reached * piety under Hepliaklqana
  3288 | D:3      | Reached ** piety under Hepliaklqana
  3297 | D:3      | Remembered your ancestor Septimua as a hexer
  3364 | D:3      | Found a shimmering altar of Xom.
  3388 | D:3      | Reached XP level 5. HP: 25/37 MP: 5/5
  3389 | D:3      | Reached skill level 4 in Fighting
  3834 | D:4      | Reached XP level 6. HP: 39/44 MP: 6/6
  4535 | D:4      | Found an iron altar of Okawaru.
  4542 | D:4      | Got a faintly glowing marble ring
  4635 | D:4      | Reached skill level 5 in Fighting
  4878 | D:4      | Gained mutation: You are immune to miasma. [demonic
                  | ancestry]
  4878 | D:4      | Reached XP level 7. HP: 41/50 MP: 7/7
  4976 | D:4      | Found an ancient bone altar of Kikubaaqudgha.
  5027 | D:5      | Entered Level 5 of the Dungeon
  5118 | D:5      | Found a burning altar of Makhleb.
  5132 | D:5      | Reached skill level 1 in Invocations
  5269 | D:5      | Reached skill level 1 in Armour
  5330 | D:5      | Found a staircase to the Ecumenical Temple.
  5341 | D:5      | Reached skill level 5 in Dodging
  5345 | Temple   | Entered the Ecumenical Temple
  5658 | D:5      | Found a large runed translucent door.
  5658 | D:5      | Found a large runed translucent door.
  5740 | D:5      | Noticed Forgeling's ghost (weakling NaDe)
  6170 | D:5      | Found a basalt altar of Yredelemnul.
  6251 | D:5      | Identified the ring of Jank {*Tele rPois} (You found it on
                  | level 4 of the Dungeon)
  6277 | D:5      | Upgraded the game from 0.26-a0-1164-g1a551d6a14 to
                  | 0.26-a0-1177-g1209ec82b9
  6313 | D:6      | Gained mutation: You may emit foul miasma when damaged in
                  | melee. [demonic ancestry]
  6313 | D:6      | Reached XP level 8. HP: 56/57 MP: 10/10
  6385 | D:6      | Reached skill level 6 in Fighting
  7033 | D:6      | You fall into a shaft and drop 3 floors!
  7577 | D:6      | Reached skill level 5 in Invocations
  7696 | D:6      | Reached *** piety under Hepliaklqana
  8082 | D:7      | Reached skill level 1 in Spellcasting
  8196 | D:7      | Found a basalt altar of Yredelemnul.
  9240 | D:8      | Reached skill level 1 in Evocations
  9314 | D:8      | Gained mutation: You have hoof-like feet. [demonic
                  | ancestry]
  9314 | D:8      | Reached XP level 9. HP: 42/62 MP: 12/12
  9329 | D:8      | Reached skill level 7 in Fighting
  9629 | D:8      | Reached skill level 5 in Armour
  9857 | D:8      | Found a staircase to the Lair.
 10395 | D:9      | Reached **** piety under Hepliaklqana
 10538 | D:9      | Noticed a troll
 10545 | D:9      | Killed a troll
 10851 | D:9      | Reached skill level 8 in Fighting
 11248 | D:9      | Paralysed by a hornet for 3 turns
 11251 | D:9      | Gained mutation: You sometimes gain a little power by
                  | taking damage. [demonic ancestry]
 11251 | D:9      | Reached XP level 10. HP: 42/72 MP: 16/16
 11570 | Lair:1   | Entered Level 1 of the Lair of Beasts
 11570 | Lair:1   | Noticed a cane toad
 11809 | D:8      | Killed a cane toad
 11810 | D:8      | Reached skill level 5 in Evocations
 11887 | Lair:1   | Noticed an eight-headed hydra
 12036 | D:8      | Learned a level 2 spell: Ensorcelled Hibernation
 12063 | Lair:1   | Mangled by an eight-headed hydra

Illustrated notes

Levels and vault maps discovered:
D:1:      dpeg_arrival_rhombus, layout_basic, minmay_tripent
D:2:      layout_basic, skrybe_limestone_x, st_stairs_14, nrook_loot_triangle,
          elyvilon_altar_1, uniq_sigmund
D:3:      layout_basic, led_xom_imps,
          chequers_temple_overflow_statue_of_worship, minivault_14, uniq_terence
D:4:      layout_cave_pools, kennysheep_vampire_church,
          roderic_cross_of_infinity, kennysheep_okawaru_gauntlet
D:5:      layout_rooms, general_overflow_altar, makhleb_blood_cavern_becter,
          minmay_temple_entry_glass, ebering_ghost_disaster_area,
          dk_noncrumbling_4
D:6:      layout_basic
D:7:      layout_basic, basic_altar
D:8:      layout_loops_corners, grunt_lair_entry_orc_guard_hut
D:9:      layout_basic, eino_jars
Temple:   nicolae_temple_great_sept
Lair:1:   layout_misc_corridors, serial_forest, infiniplex_forest_diagonal,
          infiniplex_forest_clump_large, infiniplex_forest_end_2,
          infiniplex_forest_end_1, infiniplex_forest_clump_tiny, enter_volcano_2

Skill      XL: |  1  2  3  4  5  6  7  8  9 10 |
---------------+-------------------------------+-----
Axes           | 3 |  3.6
Dodging        | 3 4 5 |  5.0
Stealth        | 2 3 4 |  4.0
Fighting       | 4 5 6 8 |  8.9
Invocations    | 3 5 |  5.0
Armour         | 2 4 6 |  6.7
Spellcasting   | 2 4 |  4.0
Evocations     | 1 4 5 |  5.0
Throwing       | |  0.2

Action                   |  1- 3 |  4- 6 |  7- 9 | 10-12 || total
-------------------------+-------+-------+-------+-------++-------
Melee: Hand axe          |   123 |       |       |       ||   123
       Kick              |    23 |    33 |     4 |       ||    60
       Dagger            |    13 |   137 |   137 |       ||   287
       Long sword        |       |       |   196 |    25 ||   221
       Trident           |       |       |     5 |       ||     5
Throw: Dart              |       |     4 |     8 |       ||    12
       Stone             |       |     1 |       |       ||     1
Invok: Ancestor Life: He |       |     1 |       |       ||     1
       Ancestor Identity |       |     1 |       |       ||     1
       Recall Ancestor   |       |       |     1 |     1 ||     2
Evoke: Wand              |       |       |       |     1 ||     1
  Use: Scroll            |     2 |     2 |     5 |     6 ||    15
       Potion            |       |       |       |     5 ||     5
 Stab: Sleeping          |       |     5 |     4 |     1 ||    10
       Distracted        |       |     2 |     4 |       ||     6
       Confused          |       |       |     7 |       ||     7
Armor: Robe              |    22 |    26 |     3 |       ||    51
       Scale mail        |       |       |   112 |       ||   112
       Troll leather arm |       |       |    17 |     5 ||    22
Dodge: Dodged            |    96 |   134 |   278 |    32 ||   540
       Rpst.: Long sword |       |       |    52 |     7 ||    59

Table legend: (Time is in decaauts)
 A = Elapsed time spent in this place.
 B = Non-inter-level travel time spent in this place.
 C = Inter-level travel time spent in this place.
 D = Time resting spent in this place.
 E = Time spent auto-exploring this place.
 F = Levels seen in this place.
 G = Mean time per level.
                   A        B        C        D        E       F      G
               +--------+--------+--------+--------+--------+-----+--------+
         Total |  12168 |  11951 |    217 |   3524 |   5362 |  11 | 1106.2 |
       Dungeon |  11993 |  11776 |    217 |   3524 |   5297 |   9 | 1332.6 |
        Temple |     86 |     86 |      0 |      0 |     65 |   1 |   86.0 |
          Lair |     88 |     88 |      0 |      0 |      0 |   1 |   88.0 |
               +--------+--------+--------+--------+--------+-----+--------+

Top non-repeatable levels by time:
     D:8: 2190 daAuts
     D:3: 1607 daAuts
     D:5: 1340 daAuts
     D:1: 1317 daAuts
     D:7: 1300 daAuts
     D:9: 1221 daAuts
     D:4: 1209 daAuts
     D:2: 906 daAuts
     D:6: 898 daAuts
  Lair:1: 88 daAuts
  Temple: 86 daAuts
